 Dungeon Crawl Stone Soup version 0.32-a0-468-g38b2580584 (webtiles) character file.

Game seed: 2636198092535134065

96 Goblin1989 the Sneak (level 4, -5/35 HPs)
             Began as a Demonspawn Delver on Feb 24, 2024.
             Was an Initiate of Okawaru.
             Slain by Edmund
             ... wielding a +2 flail of protection
              (8 damage)
             ... on level 4 of the Dungeon.
             The game lasted 00:08:38 (3045 turns).

Goblin1989 the Sneak (Demonspawn Delver)            Turns: 3045, Time: 00:08:39

Health: -5/35      AC:  4    Str: 13    XL:     4   Next: 41%
Magic:  4/4        EV: 12    Int: 10    God:    Okawaru [......]
Gold:   172        SH:  0    Dex: 16    Spells: 3/3 levels left

rFire   . . .        a - +0 short sword
rCold   . . .        (no shield)
rNeg    . . .        b - +0 leather armour
rPois   .            (no helmet)
rElec   .            (no cloak)
rCorr   .            (no gloves)
SInv    .            q - +0 pair of boots
Will    .....        (no amulet)
Stlth   +++          (no ring)
HPRegen 0.25/turn    (no ring)
MPRegen 0.18/turn

%: no passive effects
@: no status effects
A: magic regeneration, weakness stinger 1
a: Renounce Religion


You were on level 4 of the Dungeon.
You worshipped Okawaru.
Okawaru was noncommittal.
You visited 2 branches of the dungeon, and saw 6 of its levels.

You collected 172 gold pieces.

Inventory:

Hand Weapons
 a - a +0 short sword (weapon)
Missiles
 h - 36 stones
 l - 17 poisoned darts (quivered)
 n - 6 boomerangs {@Q3}
 u - a throwing net {!d , @Q1}
Armour
 b - a +0 leather armour (worn)
 q - a +0 pair of boots (worn)
Jewellery
 i - an amulet of magic regeneration
Wands
 g - a wand of digging (3) {@v3}
Scrolls
 c - 2 scrolls of fog
 d - a scroll of revelation
 k - 4 scrolls of identify {unknown}
 m - 3 scrolls of enchant weapon {unknown}
 p - a scroll of immolation {unknown}
 r - a scroll of summoning {unknown}
 t - a scroll of fear
Potions
 f - a potion of haste {@q3,}
 j - a potion of ambrosia {unknown}
 o - a potion of degeneration {unknown}
 s - a potion of curing {unknown}


   Skills:
 - Level 3.0 Fighting
 + Level 3.2 Short Blades
 - Level 1.7 Dodging
 + Level 5.4 Stealth
 + Level 0.3 Invocations


You had 3 spell levels left.
You didn't know any spells.
Your spell library contained the following spells:

 Spells                   Type           Power      Damage    Failure   Level
 Sigil of Binding         Hex            0%         N/A       82%         3
 Dimensional Bullseye     Hex/Tloc       0%         N/A       99%         4
 Call Canine Familiar     Summ           Unusable   N/A       N/A         3

Dungeon Overview and Level Annotations

Branches:
Dungeon (5/15) Zot: 24529  Temple (1/1) D:4 Zot: 5991

Altars:
Ashenzari
Cheibriados
Fedhas
Gozag
Kikubaaqudgha
Nemelex Xobeh
Okawaru
Sif Muna
Trog
Vehumet
Xom
Yredelemnul

Annotations:
D:4 Edmund


Innate Abilities, Weirdness & Mutations

You regenerate magic rapidly.
You have a small tail.


Message History

No target in view!
No target in view!
No target in view!
No target in view!
No target in view!
No target in view!
No target in view!
No target in view!
No target in view!
HP restored.
h - 39 stones (gained 2)
Things that are here:
a +0 whip; a kobold corpse Edmund is nearby!
Health restored: 35 Edmund is nearby!
Edmund is nearby!
Throw: 39 stones
Press: ? - help, Q - select action, (/) - cycle Shift-Dir - straight line, f - Edmund
Aim: Edmund, wielding a +2 flail of protection and wearing a +0 chain mail (lightly wounded, wandering, hasn't noticed you, 65% to hit)
You throw a stone.
The stone hits Edmund but does no damage.
Edmund is lightly wounded.
Throw: 38 stones
Press: ? - help, Q - select action, (/) - cycle Shift-Dir - straight line, f/p - Edmund
Aim: Edmund, wielding a +2 flail of protection and wearing a +0 chain mail (lightly wounded, 65% to hit)
You throw a stone.
The stone hits Edmund but does no damage.
Edmund is lightly wounded.
Throw: 37 stones
Press: ? - help, Q - select action, (/) - cycle Shift-Dir - straight line, f/p - Edmund
Aim: Edmund, wielding a +2 flail of protection and wearing a +0 chain mail (lightly wounded, 65% to hit)
You throw a stone.
The stone hits Edmund but does no damage.
Edmund is lightly wounded.
Throw: 23 darts (poison)
Press: ? - help, Q - select action, (/) - cycle Shift-Dir - straight line, f/p - Edmund
Aim: Edmund, wielding a +2 flail of protection and wearing a +0 chain mail (lightly wounded, 65% to hit)
You throw a poisoned dart. The poisoned dart hits Edmund.
Edmund is poisoned.
Edmund is lightly wounded.
Throw: 22 darts (poison)
Press: ? - help, Q - select action, (/) - cycle Shift-Dir - straight line, f/p - Edmund
Aim: Edmund, wielding a +2 flail of protection and wearing a +0 chain mail (lightly wounded, poisoned, 65% to hit)
You throw a poisoned dart. The poisoned dart hits Edmund.
Edmund looks even sicker.
Edmund is lightly wounded.
Throw: 21 darts (poison)
Press: ? - help, Q - select action, (/) - cycle Shift-Dir - straight line, f/p - Edmund
Aim: Edmund, wielding a +2 flail of protection and wearing a +0 chain mail (lightly wounded, very poisoned, 65% to hit)
You throw a poisoned dart. The poisoned dart hits Edmund.
Edmund is lightly wounded.
Edmund attacks as he pursues you! Edmund barely misses you.
Edmund attacks as he pursues you!
Edmund hits you with a +2 flail of protection.
You take 1 damage, and have 34/35 hp.
Health restored: 35 Edmund grinds his teeth, and then sighs.
Edmund attacks as he pursues you!
Edmund hits you with a +2 flail of protection.
You take 6 damage, and have 29/35 hp.
Edmund barely misses you.
Edmund looks more healthy.
Edmund barely misses you.
Things that are here:
a +0 whip; a kobold corpse Throw: 20 darts (poison)
Press: ? - help, Q - select action, (/) - cycle Shift-Dir - straight line, f/p - Edmund
Aim: Edmund, wielding a +2 flail of protection and wearing a +0 chain mail (moderately wounded, 65% to hit)
You throw a poisoned dart. The poisoned dart hits Edmund.
Edmund is poisoned.
Edmund is moderately wounded.
Edmund hits you with a +2 flail of protection.
You take 3 damage, and have 29/35 hp.
Throw: 19 darts (poison)
Press: ? - help, Q - select action, (/) - cycle Shift-Dir - straight line, f/p - Edmund
Aim: Edmund, wielding a +2 flail of protection and wearing a +0 chain mail (moderately wounded, poisoned, 65% to hit)
You throw a poisoned dart. The poisoned dart barely misses Edmund.
Edmund hits you with a +2 flail of protection!
You take 9 damage, and have 20/35 hp.
MASSIVE DAMAGE!!
An adder comes into view.
Edmund attacks as he pursues you!
Edmund hits you with a +2 flail of protection.
You take 4 damage, and have 16/35 hp.
Edmund hits you but does no damage.
Edmund looks more healthy.
Edmund attacks as he pursues you!
Edmund hits you with a +2 flail of protection!
* * * LOW HITPOINT WARNING * * *
You take 14 damage, and have 3/35 hp.
MASSIVE DAMAGE!!
Edmund attacks as he pursues you!
Edmund hits you with a +2 flail of protection.
* * * LOW HITPOINT WARNING * * *
You take 2 damage, and have 2/35 hp.
Edmund attacks as he pursues you! Edmund closely misses you.
Throw: 18 darts (poison)
Press: ? - help, Q - select action, (/) - cycle Shift-Dir - straight line, f/p - Edmund
Aim: Edmund, wielding a +2 flail of protection and wearing a +0 chain mail (moderately wounded, 65% to hit)
You throw a poisoned dart. The poisoned dart hits Edmund.
Edmund is poisoned.
Edmund is moderately wounded.
Edmund hits you with a +2 flail of protection!
You die...
Edmund says, "That'll show my brother!"

...............█..ß.>...█
...............█..ß...ß.█
...............██▲█ßßß█.█
....................███▲█
......†..██████.....█
.........█ █.....█
.........█ █.....▲
.........█ █.....█
.........█ █.@...█
.........█ █.@...█
....██████ █.(...█ ....▲
█.....█ ....█ █.....█


████████ ....█ █.....█ █......█ ....█ █.....█ █......█ ..... █.....█ █......▲
██████.....█ █......█ You could see Edmund (poisoned).

Vanquished Creatures
  3 adders
  3 ribbon worms
  A dart slug (D:3)
  6 endoplasms
  3 giant cockroaches
  3 hobgoblins
  4 jackals (D:3)
  4 quokkas
  8 ball pythons
  6 bats
  5 frilled lizards
  3 goblins
  10 kobolds
  A rat (D:2)
60 creatures vanquished.

Notes
Turn   | Place    | Note
-------+----------+-------------------------------------------
     0 | D:5      | Goblin1989 the Demonspawn Delver began the quest for the
                  | Orb.
     0 | D:5      | Reached XP level 1. HP: 18/18 MP: 1/1
   111 | D:4      | Found a staircase to the Ecumenical Temple.
   130 | Temple   | Entered the Ecumenical Temple
   134 | Temple   | Became a worshipper of Warmaster Okawaru
   374 | D:2      | Gained mutation: You regenerate magic rapidly. [demonic
                  | ancestry]
   374 | D:2      | Reached XP level 2. HP: 24/24 MP: 2/2
   853 | D:1      | Reached skill level 5 in Stealth
  1132 | D:1      | Gained mutation: You have a small tail. [demonic ancestry]
  1132 | D:1      | Reached XP level 3. HP: 29/29 MP: 3/3
  2096 | D:3      | Reached XP level 4. HP: 35/35 MP: 4/4
  2614 | D:3      | Found a basalt altar of Yredelemnul.
  2757 | D:4      | Noticed Edmund
  3045 | D:4      | Slain by Edmund

Illustrated notes

Levels and vault maps discovered:
D:1:      heliophobic_arrival_glass_houses, layout_basic,
          chequers_serial_rivers_room_b
D:2:      layout_loops_ring, serial_glass, glass_columns_c, glass_columns_c,
          glass_columns_a, glass_columns_c, minmay_strange_pillars,
          minmay_strange_pillars, serial_bayou_pond_d
D:3:      layout_basic, mainiacjoe_overflow_surrounded_room
D:4:      layout_gridville, minmay_temple_entry_statues, minmay_joined_circles,
          uniq_blork_the_orc, uniq_edmund, uniq_pikel, uniq_grinder
D:5:      layout_basic, jmf_multi_god_temple2, uniq_duvessa
Temple:   zaba_magenta_temple

Skill      XL: |  1  2  3 |
---------------+----------+-----
Short Blades   | 2 3 |  3.2
Stealth        | 5 |  5.4
Fighting       | |  3.0
Dodging        | |  1.7
Invocations    | |  0.3

Action                     |  1- 3 |  4- 6 || total
---------------------------+-------+-------++-------
  Melee: Short sword       |   140 |    68 ||   208
         Tailslap          |    11 |     9 ||    20
  Throw: Dart              |       |     6 ||     6
         Stone             |       |     3 ||     3
    Use: Scroll            |     1 |       ||     1
         Potion            |       |     1 ||     1
   Stab: Sleeping          |    16 |     8 ||    24
 Armour: Leather armour    |    62 |    41 ||   103
  Dodge: Dodged            |    77 |    30 ||   107

Table legend: (Time is in decaauts)
 A = Elapsed time spent in this place.
 B = Non-inter-level travel time spent in this place.
 C = Inter-level travel time spent in this place.
 D = Time resting spent in this place.
 E = Time spent auto-exploring this place.
 F = Levels seen in this place.
 G = Mean time per level.
                   A        B        C        D        E       F      G
               +--------+--------+--------+--------+--------+-----+--------+
         Total |   3004 |   2837 |    167 |    116 |   1914 |   6 |  500.7 |
       Dungeon |   2995 |   2831 |    164 |    116 |   1914 |   5 |  599.0 |
        Temple |      8 |      5 |      3 |      0 |      0 |   1 |    8.0 |
               +--------+--------+--------+--------+--------+-----+--------+

Top non-repeatable levels by time:
     D:3: 1057 daAuts
     D:2: 875 daAuts
     D:1: 768 daAuts
     D:4: 275 daAuts
     D:5: 19 daAuts
  Temple: 8 daAuts
